 Dungeon Crawl Stone Soup version 0.24-a0-139-geb6712d24a (webtiles) character file.

Game seed: 13733714263068894956

0 MrRokkomies the Ducker (level 1, -4/11 HPs)
             Began as a Spriggan Abyssal Knight on Mar 3, 2019.
             Was a Follower of Lugonu.
             Slain by an orange demon (8 damage)
             ... on level 1 of the Abyss.
             The game lasted 00:00:31 (61 turns).

MrRokkomies the Ducker (Spriggan Abyssal Knight)      Turns: 61, Time: 00:00:32

Health: -4/11      AC:  2    Str:  8    XL:     1   Next: 0%
Magic:  3/3        EV: 18    Int: 13    God:    Lugonu [*.....]
Gold:   0          SH:  0    Dex: 15    Spells: 0/0 levels left

rFire    . . .     SeeInvis +   a - +1 short sword
rCold    . . .     Gourm    .   (shield restricted)
rNeg     . . .     Faith    .   b - +0 robe
rPois    .         Spirit   .   (helmet restricted)
rElec    .         Reflect  .   (no cloak)
rCorr    .         Harm     .   (gloves unavailable)
MR       .....                  (boots unavailable)
Stlth    +.........             (no amulet)
HPRegen  0.03/turn              (no ring)
MPRegen  0.08/turn              (no ring)

@: very quick
A: very small, unfitting armour, see invisible, herbivore, speed 3, slow
metabolism 2
a: Depart the Abyss, Renounce Religion


You were on level 1 of the Abyss.
You worshipped Lugonu.
Lugonu was aware of your devotion.
You were not hungry.

You visited 0 branches of the dungeon, and saw 0 of its levels.
You visited the Abyss 1 time.

Inventory:

Hand Weapons
 a - a +1 short sword (weapon)
Armour
 b - a +0 robe (worn)
Scrolls
 e - a scroll of remove curse {unknown}
Potions
 d - a potion of brilliance {unknown}
Comestibles
 c - a ration


   Skills:
 + Level 2.4 Fighting
 + Level 2.1 Short Blades
 + Level 3.5 Dodging
 + Level 1.7 Invocations


You couldn't memorise any spells.
You didn't know any spells.
Your spell library was empty.

Dungeon Overview and Level Annotations

Branches:
Dungeon (0/15)

Altars:


Innate Abilities, Weirdness & Mutations

You are very small and have problems with some larger weapons.
You are too small for most types of armour.
You have supernaturally acute eyesight. (SInv)
You are a herbivore.
You cover ground extremely quickly.
You need to consume almost no food.


Message History

The tentacle pulls you backwards!
A starspawn tentacle segment comes into view.
The starspawn tentacle completely misses you.
The starspawn tentacle grabs you.
* * * LOW HITPOINT WARNING * * *
The starspawn tentacle constricts you.
Found a scroll labeled LOUHYL LOWNAOLL.
You see here a robe.
You escape the starspawn tentacle's grasp.
There are monsters nearby!
There are monsters nearby!
An orange demon comes into view.
The orange demon screeches!
Found a scroll labeled COUBUL LUNOUDD.
A large abomination comes into view.
You see here a scroll labeled COUBUL LUNOUDD.
e - a scroll labeled COUBUL LUNOUDD The orange demon stings you from afar!
Ouch! That really hurt!
You die...

. #. ... X #... .# . ..#
#.# #. #.#####.### # #.
#.....# .# ### # #.
#.@..##.# ## .#. #
...#.###..##..## # #.##.
.##....4.##......##......
.........x.x.....w─X.....
.................w/ ...
.................. ......
................... .. ..
.........................
.........................


You could see an orange demon and a small abomination.

Vanquished Creatures (others)
  2 starspawn tentacles (Abyss:1)
2 creatures vanquished.

Notes
Turn   | Place    | Note
-------+----------+-------------------------------------------
     0 | Abyss:1  | MrRokkomies the Spriggan Abyssal Knight began the quest for
                  | the Orb.
     0 | Abyss:1  | Reached XP level 1. HP: 11/11 MP: 3/3
    32 | Abyss:1  | Noticed a small abomination
    33 | Abyss:1  | Noticed a tentacled starspawn
    54 | Abyss:1  | Noticed an orange demon
    59 | Abyss:1  | Noticed a large abomination
    61 | Abyss:1  | Slain by an orange demon

Levels and vault maps discovered:
Abyss:1

Action                   || total
-------------------------++-------
Dodge: Dodged            ||     3

Table legend:
 A = Non-vault XP
 B = Vault XP
 C = Vault XP percentage of total XP
 D = Non-vault monster count
 E = Vault monster count
 F = Vault count percentage of total count
                 A         B        C        D         E       F
            +---------+---------+-------+---------+---------+-------
      Total |       0 |       0 |   N/A |       0 |       0 |  -nan
            +---------+---------+-------+---------+---------+-------
            +---------+---------+-------+---------+---------+-------
